Map: Central Protocol

Players

Polt - Winner!

  • Race: Terran Terran

Snute

  • Race: Zerg Zerg

Event: 2016 WCS Winter Circuit Championship

VOD

Have the link to the VOD?

Description

Time

  • Played on: March 5, 2016, 9:32 a.m.
  • Length: 12:58

All games in this series

Show
View Real Time Build Order
Export as new Build Order

Polt Terran - Winner!

Build Orders: MMM Bio 

Get SALT Encoding   

  12  0:00  SCV  
  13  0:12  SCV  
  14  0:17  Supply Depot  
  14  0:25  SCV  
  15  0:39  SCV, Barracks  
  16  0:44  Refinery  
  16  0:51  SCV  
  17  1:01  Barracks  
  17  1:03  SCV  
  18  1:19  Barracks  
  18  1:20  SCV  
  19  1:27  Reaper  
  19  1:32  Refinery  
  20  1:42  Orbital Command  
  20  1:48  Reaper  
  21  1:54  Supply Depot  
  21  2:00  Reaper  
  22  2:09  Reaper  
  23  2:16  SCV  
  23  2:20  Reaper  
  25  2:23  Supply Depot  
  25  2:28  SCV  
  26  2:32  Reaper  
  27  2:40  SCV  
  27  2:41  Reaper  
  29  2:52  SCV  
  30  2:59  Command Center  
  30  3:02  Reaper  
  31  3:07  Reaper  
  31  3:08  SCV  
  33  3:14  Reaper  
  33  3:22  SCV  
  33  3:25  Supply Depot  
  34  3:34  SCV  
  34  3:35  Reaper  
  36  3:47  Reaper x2  
  38  3:49  SCV  
  38  4:01  SCV  
  34  4:13  SCV  
  33  4:22  Barracks Reactor, Barracks Tech Lab  
  33  4:23  Barracks Tech Lab  
  32  4:24  Barracks Reactor  
  32  4:25  Orbital Command  
  32  4:26  SCV  
  33  4:33  Barracks  
  33  4:35  Engineering Bay, Barracks  
  33  4:39  Barracks Reactor  
  33  4:40  SCV  
  36  4:45  Marauder  
  36  4:46  Stimpack  
  36  4:51  SCV  
  36  4:52  SCV  
  38  5:01  Marine x2, Terran Infantry Weapons Level 1  
  42  5:07  Marauder, SCV x2  
  44  5:17  Barracks x2  
  44  5:23  Barracks Reactor  
  44  5:24  Barracks Tech Lab  
  44  5:34  Marauder, Marine x4  
  48  5:43  Supply Depot  
  48  5:44  Marauder, Combat Shields  
  48  5:46  Supply Depot  
  50  5:55  Marine x4  
  50  5:56  Marauder  
  56  5:59  Supply Depot  
  56  6:00  Marine x2  
  57  6:04  Barracks Tech Lab  
  57  6:05  Marauder  
  57  6:06  Barracks Reactor  
  57  6:10  Supply Depot  
  59  6:14  Marine x4  
  59  6:18  Marine  
  65  6:19  Marine  
  65  6:20  Marauder  
  65  6:24  Concussive Shells  
  65  6:25  Marauder  
  69  6:27  Marauder  
  71  6:34  Marine x4  
  75  6:43  Marauder  
  75  6:44  Marine x4  
  75  6:46  Marauder  
  83  6:48  Marauder  
  83  6:52  Marine x4  
  89  7:00  Supply Depot x2  
  89  7:05  Terran Infantry Armor Level 1  
  89  7:08  Marauder x2  
  92  7:10  Marauder  
  94  7:22  Marine x7  
  101  7:23  Marine  
  100  7:36  Marauder x3  
  102  7:39  Marine x2  
  102  7:40  Marine x4  
  96  7:47  Marine x2  
  93  8:00  Marauder x3  
  93  8:01  Marine x4  
  93  8:02  Marine x2  
  93  8:04  Marine  
  80  8:22  Marauder x3  
  80  8:23  Marine x6  
  80  8:25  Marine  
  88  8:27  Marine  
  70  8:43  Marauder, Marine x2  
  70  8:44  Marauder, Marine x3  
  70  8:45  Marine x2  
  70  8:46  Marine  
  70  8:48  Marauder  
  78  9:06  Marauder x2, Marine x5  
  78  9:07  Marine x2  
  78  9:08  Marine  
  78  9:09  Marauder  
  80  9:27  Marauder x2  
  80  9:28  Marine x6  
  80  9:30  Marauder, Marine x2  
  87  9:48  Marauder  
  87  9:49  Marauder, Marine x4  
  87  9:50  Marine x4  
  87  9:52  Marauder, Factory  
  85  10:08  Marine x8  
  85  10:10  Marauder x2  
  85  10:13  Marauder  
  92  10:28  Marine x8  
  82  10:31  Marauder x2  
  82  10:35  Marauder  
  87  10:47  Marine x5  
  92  10:51  Marine  
  92  10:52  Marauder  
  92  10:53  Marauder  
  92  10:55  Marine  
  92  10:56  Orbital Command, Marauder  
  99  11:08  Starport  
  99  11:09  Factory Reactor  
  99  11:19  Refinery  
  98  11:26  Refinery  
  98  11:28  Orbital Command  
  96  11:56  Medivac  
  96  11:57  Medivac  
  96  12:00  Marine x4  
  96  12:01  Marine x6  
  108  12:06  Supply Depot  
  108  12:08  Marine  
  110  12:19  Supply Depot x2  
  110  12:27  Medivac x2  
  113  12:34  Marauder x2, Marine  
Show
View Real Time Build Order
Export as new Build Order

Snute Zerg 

Build Orders: Hatch First 

Get SALT Encoding   

  12  0:00  Drone  
  13  0:12  Overlord  
  13  0:17  Drone  
  14  0:30  Drone x2  
  14  0:34  Drone  
  17  0:52  Hatchery  
  17  0:54  Drone  
  17  0:57  Drone  
  17  0:59  Extractor  
  17  1:13  Spawning Pool  
  17  1:16  Drone  
  17  1:19  Drone  
  18  1:27  Drone  
  19  1:38  Overlord  
  19  1:59  Queen  
  19  2:00  Metabolic Boost, Zergling x4  
  23  2:03  Queen  
  23  2:07  Zergling x2  
  26  2:10  Drone  
  26  2:14  Drone  
  28  2:24  Zergling x2  
  28  2:25  Zergling x2  
  30  2:32  Drone  
  30  2:36  Drone  
  32  2:43  Drone  
  33  2:52  Queen x2  
  33  2:54  Roach Warren  
  33  2:55  Zergling x2  
  36  3:06  Overlord  
  36  3:16  Zergling x2  
  36  3:17  Zergling x2  
  36  3:19  Zergling x4  
  36  3:23  Overlord  
  36  3:26  Zergling x8  
  40  3:45  Drone  
  40  3:46  Drone x3  
  43  3:54  Drone  
  43  3:56  Drone  
  43  3:59  Drone  
  43  4:02  Drone x3  
  46  4:07  Drone  
  46  4:08  Drone x2  
  43  4:14  Drone x2  
  45  4:24  Drone  
  45  4:25  Drone  
  45  4:31  Hatchery, Overlord  
  45  4:41  Drone  
  45  4:43  Drone x2  
  45  4:44  Lair  
  45  4:48  Extractor x2, Roach x3  
  45  4:49  Extractor  
  48  4:53  Roach x2  
  48  4:54  Drone  
  48  4:55  Drone  
  48  4:59  Drone  
  55  5:05  Drone  
  56  5:12  Drone  
  57  5:16  Drone x3  
  57  5:20  Overlord  
  60  5:25  Evolution Chamber  
  60  5:26  Evolution Chamber  
  58  5:32  Drone x3  
  58  5:33  Overlord  
  60  5:37  Overlord  
  60  5:42  Glial Reconstitution  
  60  5:44  Infestation Pit  
  60  5:49  Drone x6  
  65  5:51  Queen  
  65  5:55  Drone  
  68  5:58  Zerg Missile Weapons Level 1  
  68  6:03  Zerg Ground Armor Level 1  
  69  6:04  Drone x2  
  69  6:09  Drone  
  69  6:10  Drone x2  
  73  6:14  Extractor  
  73  6:15  Extractor  
  73  6:16  Roach x2  
  75  6:22  Queen  
  77  6:27  Overlord  
  77  6:28  Infestor x2  
  77  6:32  Spore Crawler  
  80  6:33  Infestor  
  83  6:45  Overlord  
  83  6:46  Ravager x2  
  85  6:47  Ravager  
  85  6:49  Roach  
  85  6:51  Overlord, Roach  
  90  6:59  Overlord x2  
  90  7:04  Roach  
  90  7:05  Roach x3  
  98  7:10  Ravager  
  98  7:14  Roach x2, Ravager x2  
  102  7:33  Roach  
  102  7:34  Roach x8  
  93  7:44  Roach  
  93  7:45  Roach x2  
  93  7:51  Roach x2  
  83  7:54  Roach x5  
  83  7:56  Queen  
  84  7:58  Roach x2  
  88  8:08  Roach  
  79  8:18  Ravager  
  79  8:19  Ravager  
  77  8:21  Drone x2  
  77  8:24  Hatchery  
  76  8:27  Roach  
  76  8:31  Roach x2  
  64  8:35  Ravager  
  64  8:40  Roach  
  58  8:43  Roach  
  54  8:49  Roach, Ravager  
  54  8:52  Roach  
  59  9:00  Roach  
  61  9:05  Queen  
  61  9:06  Queen  
  61  9:07  Ravager  
  61  9:08  Roach  
  68  9:15  Roach x2  
  69  9:20  Roach  
  69  9:21  Roach  
  63  9:34  Roach x3  
  63  9:35  Ravager  
  67  9:39  Ravager  
  68  9:46  Roach x2  
  68  9:49  Ravager  
  59  10:02  Roach  
  59  10:03  Roach x3  
  66  10:07  Ravager  
  66  10:12  Ravager  
  56  10:23  Roach x4  
  50  10:36  Ravager  
  49  10:44  Roach  
  49  10:45  Roach x2  
  55  10:52  Roach x2  
  55  10:55  Roach  
  61  10:58  Roach  
  61  11:02  Roach  
  65  11:05  Roach  
  65  11:10  Roach  
  69  11:13  Roach  
  69  11:17  Roach  
  73  11:21  Roach  
  75  11:28  Roach x2  
  79  11:33  Ravager  
  79  11:37  Roach x2  
  84  11:44  Ravager  
  85  11:49  Roach x2  
  89  12:05  Roach  
  89  12:06  Overlord  
  91  12:09  Ravager  
  92  12:31  Roach  
  92  12:32  Roach x3  
  92  12:36  Overlord x2  
Tags
 
Add a new tag
Caveats
  • Supply blocks, unpowered buildings, or Contaminate may cause inaccurate times.
  • Supply counts are checked every 10 seconds.